 Dungeon Crawl Stone Soup version 0.28-a0-1613-gdaab1c2f9b (console) character file.

Game seed: 16442909337986665595

51273 Melian the Warrior (level 14, 0/147 HPs)
             Began as a Minotaur Berserker on Jan 21, 2022.
             Was a High Priest of Trog.
             Slain by a three-headed hydra (4 damage)
             ... on level 5 of the Lair of Beasts.
             The game lasted 02:48:32 (21031 turns).

Melian the Warrior (Minotaur Berserker)            Turns: 21031, Time: 02:48:32

Health: 0/147      AC: 28    Str: 27    XL:     14   Next: 22%
Magic:  13/13      EV:  9    Int:  9    God:    Trog [*****.]
Gold:   907        SH:  5    Dex: 19    Spells: 13/13 levels left

rFire   . . .      SeeInvis .   z - +3 battleaxe (flame)
rCold   . . .      Faith    .   (shield currently unavailable)
rNeg    . . .      Spirit   .   N - +2 plate armour {rPois}
rPois   +          Reflect  +   (helmet restricted)
rElec   .          Harm     .   Q - +0 cloak
rCorr   .          Rampage  .   p - +0 pair of gloves of Instinct {Int+5 Dex+3}
Will    +....                   P - +2 pair of boots
Stlth   ..........              t - amulet of reflection
HPRegen 0.34/turn               x - +6 ring of dexterity
MPRegen 0.13/turn               D - +4 ring of protection

@: on berserk cooldown, slowed, very slow
A: horns 2, retaliatory headbutt
a: Renounce Religion, Berserk, Trog's Hand, Brothers in Arms


You were on level 5 of the Lair of Beasts.
You worshipped Trog.
Trog was extremely pleased with you.
You visited 4 branches of the dungeon, and saw 20 of its levels.
You also visited: Bailey.

You collected 1138 gold pieces.
You spent 231 gold pieces at shops.

Inventory:

Hand Weapons
 q - the +9 executioner's axe "Ror Aqor" {vorpal, rF+ Str+5}
   (You acquired it on level 4 of the Lair of Beasts)

   It inflicts extra damage upon your enemies.
   Str:       It affects your strength (+5).
   rF:        It protects you from fire.
 z - a +3 battleaxe of flaming (weapon)
 J - a +0 hand crossbow
Missiles
 c - 527 stones (quivered)
 h - 3 boomerangs
 j - 20 poisoned darts
 s - 256 arrows
 G - 85 sling bullets
 M - 2 atropa-tipped darts
 U - 39 bolts
Armour
 e - a +0 buckler
 p - the +0 pair of gloves of Instinct (worn) {Int+5 Dex+3}
   (You found it on level 2 of the Dungeon)

   Int:       It affects your intelligence (+5).
   Dex:       It affects your dexterity (+3).
 B - a +1 crystal plate armour
 N - a +2 plate armour of poison resistance (worn)
 P - a +2 pair of boots (worn)
 Q - a +0 cloak (worn)
Jewellery
 o - a ring of fire
 t - an amulet of reflection (around neck)
 w - a ring of magical power
 x - a +6 ring of dexterity (left hand)
 D - a +4 ring of protection (right hand)
Wands
 g - a wand of mindburst (21)
 r - a wand of digging (7)
 v - a wand of acid (4)
 C - a wand of flame (32)
 F - a wand of charming (6)
 I - a wand of paralysis (3)
 L - a wand of iceblast (3)
 Z - a wand of polymorph (12)
Scrolls
 f - 4 scrolls of enchant weapon
 m - 7 scrolls of teleportation
 u - a scroll of identify
 y - a scroll of enchant armour
 A - 3 scrolls of immolation
 O - 2 scrolls of fear
 V - a scroll of magic mapping
 X - a scroll of noise
Potions
 a - a potion of degeneration
 b - a potion of cancellation
 d - a potion of resistance
 i - a potion of might {unknown}
 k - a potion of heal wounds {unknown}
 l - 3 potions of lignification
 n - 3 potions of curing
 K - 4 potions of flight
 R - a potion of haste
 S - 4 potions of brilliance
 W - 9 potions of ambrosia


   Skills:
 + Level 19.8 Fighting
 + Level 19.0 Axes
 - Level 12.0 Armour
 - Level 2.2 Dodging


You had 13 spell levels left.
You didn't know any spells.
Your spell library contained the following spells:

 Spells                   Type           Power      Damage    Failure   Level
 Animate Skeleton         Necr           0%         N/A       97%         1
 Apportation              Tloc           0%         N/A       97%         1
 Slow                     Hex            0%         N/A       97%         1
 Summon Small Mammal      Summ           0%         N/A       97%         1
 Ensorcelled Hibernation  Hex/Ice        0%         N/A       99%         2
 Confusing Touch          Hex            0%         N/A       100%        3
 Portal Projectile        Hex/Tloc       0%         N/A       100%        3
 Spider Form              Tmut/Pois      0%         N/A       100%        3
 Vampiric Draining        Necr           0%         2d6       100%        3
 Airstrike                Air            0%         N/A       100%        4
 Anguish                  Hex/Necr       0%         N/A       100%        4
 Summon Lightning Spire   Summ/Air       0%         N/A       100%        4
 Blade Hands              Tmut           0%         N/A       100%        5
 Excruciating Wounds      Necr           0%         N/A       100%        5
 Lightning Bolt           Conj/Air       0%         1d11      100%        5


Dungeon Overview and Level Annotations

Branches:
Dungeon (12/15)            Temple (1/1) D:5            Lair (6/6) D:9
 Shoals (0/4) Lair:2        Snake (1/4) Lair:3        Slime (0/5) Lair:5
    Orc (0/2) D:12         Bailey (visited)

Altars:
Ashenzari
Cheibriados
Dithmenos
Elyvilon
Fedhas
Gozag
Hepliaklqana
Kikubaaqudgha
Makhleb
Nemelex Xobeh
Okawaru
Qazlal
Ru
Sif Muna
Trog
Uskayaw
Vehumet
Wu Jian
Xom
Yredelemnul
Zin
The Shining One

Shops:
D:3 [   D:4 ?   D:12 [

Annotations:
D:6 3 runed translucent doors, SirDiesAlot's ghost, novice DECj
Lair:2 exclusion: ice statue


Innate Abilities, Weirdness & Mutations

You have a pair of horns on your head.
You reflexively headbutt those who attack you in melee.


Message History

Okay, then.
Press: ? - help, v - describe, . - travel A stone staircase leading down.
Okay, then.
You feel better. You block the black mamba's attack.
The blink frog hits you but does no damage.
The cane toad stings you but does no damage.
The three-headed hydra barely misses you.
You furiously retaliate!
You headbutt the three-headed hydra.
The three-headed hydra bites you but does no damage. x2
The black mamba bites you but does no damage.
The cane toad stings you but does no damage.
The blink frog hits you but does no damage.
The cane toad stings you!
* * * LOW HITPOINT WARNING * * *
The black mamba bites you but does no damage.
The three-headed hydra bites you but does no damage. x3
You block the cane toad's attack.
Okay, then.
Okay, then.
You feel better. The black mamba barely misses you.
The blink frog hits you but does no damage.
The cane toad stings you!
* * * LOW HITPOINT WARNING * * *
The black mamba bites you.
* * * LOW HITPOINT WARNING * * *
The cane toad stings you but does no damage.
The three-headed hydra bites you.
* * * LOW HITPOINT WARNING * * *
The three-headed hydra bites you but does no damage. x2
The blink frog hits you but does no damage.
The cane toad barely misses you. You furiously retaliate!
You headbutt the cane toad!
You kill the cane toad!
Trog accepts your kill.
The black mamba bites you but does no damage.
The blink frog hits you but does no damage.
The black mamba bites you but does no damage.
The three-headed hydra bites you but does no damage.
The three-headed hydra bites you.
You die...

#........................).....
#...P.#..#...###...............
#...##...####......#...........
#..............................
#..............................
#..........................#.P.
#..........................##.P
#..............................
#.............F................
#.............FS...............
#.............@D...............
#.............................<
#..............................
#..............................
#...................#..#####..#
#......................##.#.#..
#..............................
#..............................
#.....................#.##.#...
#....................P#########
#....................P# #####


You could see a three-headed hydra, a black mamba, a cane toad and a blink frog.

Vanquished Creatures
  7 hydras
  A two-headed ogre (D:12)
  7 death yaks
  A tengu warrior (D:12)
  A fire crab (Lair:6)
  A deep elf pyromancer (D:12)
  A mana viper (Lair:3)
  A cyclops (D:11)
  Maurice (D:11)
  5 elephants (Lair:4)
  7 black mambas
  3 torpor snails
  2 gargoyles
  16 cane toads
  An unseen horror (D:10)
  5 komodo dragons
  2 rime drakes
  An efreet (D:9)
  3 meliai (Lair:5)
  A queen bee (Lair:5)
  5 trolls
  3 slime creatures (D:8)
  6 dream sheep
  18 blink frogs
  A shadow (D:11)
  3 wyverns
  43 yaks
  A vampire (D:10)
  3 steam dragons
  4 basilisks
  12 vampire mosquitoes
  4 nagas (Lair:3)
  An acid dragon (D:10)
  13 water moccasins
  A sky beast (D:5)
  4 ice beasts
  13 orc warriors
  2 black bears (D:9)
  An ogre (D:5)
  17 wolves
  5 centaurs
  3 kobold brigands
  Blork the orc (D:6)
  9 bullfrogs
  8 scorpions
  20 killer bees (Lair:5)
  5 centaur zombies
  3 centaur skeletons
  2 bullfrog zombies (D:6)
  A hound (D:7)
  10 orc priests
  Crazy Yiuf (D:2)
  2 iguanas
  Ijyb (D:4)
  10 orc wizards
  7 hell rats (Lair:3)
  2 killer bee zombies
  A hound zombie (D:5)
  A hound skeleton (D:2)
  Robin (D:2)
  A howler monkey zombie (D:8)
  7 gnolls (D:4)
  7 adders
  A shadow imp (D:6)
  2 white imps
  An ufetubus (D:5)
  An adder skeleton (D:5)
  A worm (D:2)
  7 dart slugs
  49 orcs
  4 bats
  2 endoplasms
  2 giant cockroaches (D:1)
  20 goblins
  6 hobgoblins
  5 jackals
  12 kobolds
  4 quokkas
  5 ball pythons
  2 frilled lizards
  4 rats
458 creatures vanquished.

Vanquished Creatures (collateral kills)
  An ice dragon (Lair:2)
  A gargoyle (D:9)
  2 ice beasts (Lair:2)
  3 centaurs (D:12)
  A white imp (Lair:2)
8 creatures vanquished.

Vanquished Creatures (others)
  An orc (D:9)
  A kobold (D:9)
  A bush (Lair:3)
  69 fungi
  148 plants
220 creatures vanquished.

Grand Total: 686 creatures vanquished

Notes
Turn   | Place    | Note
-------+----------+-------------------------------------------
     0 | D:1      | Melian the Minotaur Berserker began the quest for the Orb.
     0 | D:1      | Reached XP level 1. HP: 19/19 MP: 0/0
   203 | D:1      | Reached XP level 2. HP: 27/27 MP: 1/1
   768 | D:2      | Reached XP level 3. HP: 28/34 MP: 2/2
   821 | D:2      | Identified the +0 pair of gloves of Instinct {Int+5 Dex+3}
  1070 | D:2      | Noticed Robin
  1079 | D:2      | Reached ** piety under Trog
  1088 | D:2      | Killed Robin
  1089 | D:2      | Reached XP level 4. HP: 41/41 MP: 3/3
  1095 | D:2      | Reached skill level 5 in Fighting
  1322 | D:2      | Found a faded altar of an unknown god.
  1331 | D:2      | Reached skill level 5 in Axes
  1703 | D:2      | Found a runed translucent door.
  1704 | D:2      | Noticed Crazy Yiuf
  1712 | D:2      | Killed Crazy Yiuf
  1867 | D:3      | Reached XP level 5. HP: 49/49 MP: 4/4
  2028 | D:3      | Found an opulent altar of Gozag.
  2072 | D:3      | Found Zurad's Armour Emporium.
  2075 | D:3      | Found a stormy altar of Qazlal.
  2863 | D:4      | Noticed Ijyb
  2876 | D:4      | Killed Ijyb
  3058 | D:4      | Found Holehiq's Magic Scroll Emporium.
  3108 | D:4      | Reached XP level 6. HP: 57/57 MP: 5/5
  3189 | D:4      | Reached *** piety under Trog
  3212 | D:4      | Found a sparkling altar of Nemelex Xobeh.
  3353 | D:4      | HP: 3/87 [poisoned by a gnoll]
  3959 | D:5      | Entered Level 5 of the Dungeon
  4093 | D:5      | Noticed a sky beast
  4099 | D:5      | Killed a sky beast
  4121 | D:5      | Reached XP level 7. HP: 61/66 MP: 6/6
  4308 | D:5      | Found a staircase to the Ecumenical Temple.
  4719 | D:6      | Noticed a vampire mosquito
  4719 | D:6      | Noticed a vampire mosquito
  4749 | Temple   | Entered the Ecumenical Temple
  5026 | D:6      | Killed a vampire mosquito
  5027 | D:6      | Reached XP level 8. HP: 53/77 MP: 7/7
  5230 | D:6      | Found a shadowy altar of Dithmenos.
  5283 | D:6      | Noticed Blork the orc
  5298 | D:6      | Killed Blork the orc
  5485 | D:3      | Bought a +2 scale mail of fire resistance for 231 gold
                  | pieces
  5749 | D:6      | Noticed SirDiesAlot's ghost (novice DECj)
  5753 | D:6      | Noticed a manticore
  5765 | D:6      | Found a runed translucent gate.
  5765 | D:6      | Found a runed translucent gate.
  5765 | D:6      | Found a runed translucent gate.
  6315 | D:7      | Reached skill level 10 in Fighting
  6315 | D:7      | Reached skill level 10 in Axes
  6958 | D:7      | Reached XP level 9. HP: 74/86 MP: 8/8
  7782 | D:9      | Reached XP level 10. HP: 73/100 MP: 9/9
  7783 | D:9      | Found a staircase to the Lair.
  7793 | D:9      | Reached **** piety under Trog
  7803 | D:9      | Noticed a seven-headed hydra
  7809 | D:9      | Noticed a gargoyle
  9212 | D:9      | Killed a gargoyle
  9280 | D:10     | Entered Level 10 of the Dungeon
  9283 | D:10     | Found a flagged portal.
  9310 | Bailey   | Entered a bailey
 10760 | D:10     | Reached XP level 11. HP: 111/111 MP: 10/10
 11044 | D:10     | Noticed a hell knight
 11530 | D:11     | Reached skill level 15 in Fighting
 11530 | D:11     | Reached skill level 15 in Axes
 11880 | D:11     | Noticed Maurice
 11881 | D:11     | Paralysed by Maurice for 6 turns
 11912 | D:11     | Killed Maurice
 12339 | D:12     | Noticed a two-headed ogre
 12346 | D:12     | Killed a two-headed ogre
 12412 | D:12     | Found Xihapt's Armour Shop.
 12485 | D:12     | Found a staircase to the Orcish Mines.
 12681 | D:12     | Noticed a deep elf pyromancer
 12691 | D:12     | Killed a deep elf pyromancer
 12901 | D:12     | Noticed a tengu warrior
 12927 | D:12     | Killed a tengu warrior
 13208 | D:12     | Reached skill level 5 in Armour
 13744 | D:12     | Upgraded the game from 0.28-a0-1594-ga885d4b3d6 to
                  | 0.28-a0-1613-gdaab1c2f9b
 13922 | D:9      | Killed a seven-headed hydra
 13940 | Lair:1   | Entered Level 1 of the Lair of Beasts
 13960 | Lair:1   | Reached XP level 12. HP: 80/122 MP: 11/11
 15025 | Lair:1   | Noticed a five-headed hydra
 15033 | Lair:1   | Killed a one-headed hydra
 15540 | Lair:2   | Identified 2 scrolls of acquirement
 15540 | Lair:2   | Acquired a +2 antimagic executioner's axe
 15729 | Lair:2   | Noticed an ice dragon
 15744 | Lair:2   | Killed an ice dragon
 16095 | Lair:2   | Found a staircase to the Shoals.
 16107 | Lair:2   | Noticed a death yak
 16110 | Lair:2   | Noticed a death yak
 16118 | Lair:2   | Killed a death yak
 16127 | Lair:2   | Killed a death yak
 16256 | Lair:2   | Noticed a four-headed hydra
 16268 | Lair:2   | Killed a one-headed hydra
 17092 | Lair:3   | Found a staircase to the Snake Pit.
 17125 | Lair:3   | Noticed a five-headed hydra
 17134 | Lair:3   | Killed a one-headed hydra
 17188 | Lair:3   | Noticed a death yak
 17189 | Lair:3   | Noticed a death yak
 17189 | Lair:3   | Noticed a death yak
 17201 | Lair:3   | Killed a death yak
 17207 | Lair:3   | Killed a death yak
 17246 | Lair:3   | Reached skill level 10 in Armour
 17246 | Lair:3   | Reached XP level 13. HP: 94/134 MP: 4/12
 17702 | Lair:3   | Reached ***** piety under Trog
 17821 | Lair:3   | You fall into a shaft and drop 1 floor!
 18592 | Snake:1  | Entered Level 1 of the Snake Pit
 19189 | Lair:4   | Acquired the +9 executioner's axe "Ror Aqor" {vorpal, rF+
                  | Str+5}
 20143 | Lair:5   | Found a staircase to the Slime Pits.
 20212 | Lair:5   | Found the +5 robe of Night {Dark Will+ SInv}
 20388 | Lair:5   | Received a gift from Trog
 20977 | Lair:6   | Entered Level 6 of the Lair of Beasts
 20984 | Lair:6   | Reached XP level 14. HP: 137/146 MP: 13/13
 21030 | Lair:5   | HP: 6/147 [black mamba (2)]
 21031 | Lair:5   | Slain by a three-headed hydra

Illustrated notes

Levels and vault maps discovered:
D:1:      evilmike_arrival_fibonacci_small, layout_rooms, serial_forest,
          infiniplex_forest_clump_small, infiniplex_forest_end_2,
          infiniplex_forest_lined_corner, infiniplex_forest_fountain,
          infiniplex_forest_end_3, infiniplex_forest_straight_2,
          infiniplex_forest_lined_3, infiniplex_forest_clump_small,
          minmay_tree_intersection
D:2:      layout_basic, serial_curves, eino_curves_03, eino_curves_04,
          chequers_ecumenical_altar_simple, uniq_crazy_yiuf_cottage, uniq_robin
D:3:      layout_loops_ring, mainiacjoe_overflow_catwalk_spiral, serial_shops,
          shop, chequers_jeans
D:4:      layout_gridville, old_standard_altar, serial_shops,
          nicolae_shop_trees, hangedman_decor_lopped, uniq_ijyb
D:5:      layout_basic, minmay_temple_entry_grid
D:6:      layout_loops_cross, grunt_dithmenos_shadows, gammafunk_ghost_split,
          uniq_blork_the_orc
D:7:      layout_basic
D:8:      layout_loops_ring
D:9:      layout_loops_ring, due_lair_maze_entry_diamond,
          chequers_serial_rivers_micro_d
D:10:     layout_gridville, enter_bailey_3, minmay_rotating_lava
D:11:     layout_stronghold, uniq_maurice
D:12:     layout_grid_maze, orc_0_dummy, serial_shops, shop_fountains
Temple:   nicolae_temple_no_exploring_needed
Lair:1:   layout_regular_city, beast_lair_carwin_3
Lair:2:   layout_cave_pods, elwin_shoals_entry_rocks, ice2_lemuel
Lair:3:   layout_layer_cave, minmay_snake_entry_guardpost_small,
          patterned_corridor
Lair:4:   layout_gridlike
Lair:5:   layout_long_grid, slime_dummy, special_room [special_room_bee],
          chequers_serial_rivers_small_3
Lair:6:   minmay_lair_end_frog_pond, layout_hall_layers, lemuel_fruit_tree
Snake:1:  layout_rooms

Skill      XL: |  1  2  3  4  5  6  7  8  9 10 11 12 13 14 |
---------------+-------------------------------------------+-----
Fighting       | 4 5 6 7 8 10 12 14 16 17 19 | 19.8
Axes           | 4 5 6 7 8 10 12 14 16 17 18 19 | 19.0
Armour         | 5 10 12 | 12.0
Dodging        | |  2.2

Action                   |  1- 3 |  4- 6 |  7- 9 | 10-12 | 13-15 || total
-------------------------+-------+-------+-------+-------+-------++-------
Melee: Hand axe          |    66 |   135 |    55 |       |       ||   256
       Headbutt          |    10 |    29 |    35 |   120 |    55 ||   249
       Punch             |       |     2 |       |       |       ||     2
       War axe           |       |       |    39 |       |       ||    39
       Broad axe         |       |       |    66 |   441 |       ||   507
       Executioner's axe |       |       |       |    75 |   238 ||   313
       Scimitar          |       |       |       |    20 |     2 ||    22
       Battleaxe         |       |       |       |       |     9 ||     9
Throw: Stone             |     1 |       |       |       |       ||     1
       Boomerang         |       |       |       |     2 |       ||     2
Invok: Berserk           |     2 |     4 |     3 |     7 |     1 ||    17
       Trog's Hand       |       |       |       |     3 |       ||     3
       Brothers in Arms  |       |       |       |     3 |       ||     3
Evoke: Wand              |       |     2 |     8 |    14 |     1 ||    25
  Use: Scroll            |       |     4 |     1 |    14 |     5 ||    24
       Potion            |       |     2 |       |     5 |     5 ||    12
 Stab: Sleeping          |       |     1 |       |       |       ||     1
       Distracted        |       |       |     1 |       |       ||     1
Armor: Animal skin       |     2 |       |       |       |       ||     2
       Leather armour    |    10 |    19 |    22 |       |       ||    51
       Ring mail         |     9 |    24 |       |       |       ||    33
       Scale mail        |       |       |    45 |    60 |       ||   105
       Crystal plate arm |       |       |       |   168 |       ||   168
       Plate armour      |       |       |       |    93 |   214 ||   307
Dodge: Dodged            |    21 |    67 |    71 |   173 |    95 ||   427
Block: Buckler           |       |       |    14 |   113 |       ||   127
       Reflection        |       |       |       |     4 |       ||     4
       Other             |       |       |       |    21 |    64 ||    85

Table legend: (Time is in decaauts)
 A = Elapsed time spent in this place.
 B = Non-inter-level travel time spent in this place.
 C = Inter-level travel time spent in this place.
 D = Time resting spent in this place.
 E = Time spent auto-exploring this place.
 F = Levels seen in this place.
 G = Mean time per level.
                   A        B        C        D        E       F      G
               +--------+--------+--------+--------+--------+-----+--------+
         Total |  21210 |  20073 |   1137 |      0 |  13905 |  21 | 1010.0 |
       Dungeon |  13459 |  12499 |    960 |      0 |   7968 |  12 | 1121.6 |
        Temple |      3 |      3 |      0 |      0 |      0 |   1 |    3.0 |
          Lair |   6916 |   6739 |    177 |      0 |   5457 |   6 | 1152.7 |
     Snake Pit |     19 |     19 |      0 |      0 |      0 |   1 |   19.0 |
        Bailey |    810 |    810 |      0 |      0 |    479 |   1 |  810.0 |
               +--------+--------+--------+--------+--------+-----+--------+

Top non-repeatable levels by time:
  Lair:3: 1838 daAuts
     D:9: 1669 daAuts
  Lair:2: 1522 daAuts
    D:12: 1401 daAuts
    D:11: 1355 daAuts
  Lair:4: 1263 daAuts
     D:4: 1250 daAuts
  Lair:1: 1231 daAuts
     D:3: 1163 daAuts
    D:10: 1152 daAuts
     D:2: 1141 daAuts
     D:6: 1115 daAuts
  Lair:5: 1008 daAuts
     D:8: 842 daAuts
  Bailey: 810 daAuts
